 Dungeon Crawl Stone Soup version 0.21-a0-13-g3fd62ac (webtiles) character file.

15 miragecloak the Insei (level 2, 0/18 HPs)
             Began as an Octopode Transmuter on May 23, 2017.
             Succumbed to an adder's poison
             ... on level 3 of the Dungeon.
             The game lasted 00:00:46 (598 turns).

miragecloak the Insei (Octopode Transmuter)          Turns: 598, Time: 00:00:47

Health: 0/18       AC:  1    Str:  9    XL:     2   Next: 50%
Magic:  5/5        EV: 13    Int: 15    God:
Gold:   43         SH:  0    Dex: 12    Spells: 4/5 levels left

rFire    . . .     SeeInvis .     - Unarmed
rCold    . . .     Gourm    .   (no shield)
rNeg     . . .     Faith    .   (helmet restricted)
rPois    .         Spirit   .   (no amulet)
rElec    .         Reflect  .   (no ring)
rCorr    .         Harm     .   (no ring)
MR       .....                  (no ring)
Stlth    ++........             (no ring)
Regen    0.1/turn               (no ring)
MPRegen  0.1/turn               (no ring)
                                (no ring)
                                (no ring)

@: lethally poisoned (0 -> -4)
A: almost no armour, stealthy swim, amphibious, 8 rings, constrict 8, camouflage
1, gelatinous body 1
a: no special abilities


You were on level 3 of the Dungeon.
You were not hungry.

You visited 1 branch of the dungeon, and saw 3 of its levels.

You collected 43 gold pieces.

Inventory:

Missiles
 a - 34 arrows
Jewellery
 h - an uncursed ring of fire {unknown}
Scrolls
 f - a scroll of magic mapping {unknown}
 g - a scroll of fog {unknown}
Potions
 d - a potion of agility {unknown}
 e - a potion of berserk rage {unknown}
 j - a potion of brilliance {unknown}
Books
 b - a book of Changes

   Spells                             Type                      Level
   a - Beastly Appendage              Transmutation                1
   b - Sticks to Snakes               Transmutation                2
   c - Spider Form                    Transmutation/Poison         3
   d - Ice Form                       Ice/Transmutation            4
   e - Blade Hands                    Transmutation                5
Comestibles
 c - 2 bread rations
 i - 7 chunks of flesh


   Skills:
 - Level 1.0 Fighting
 - Level 2.0 Dodging
 - Level 3.0 Unarmed Combat
 - Level 2.0 Spellcasting
 + Level 3.0 Transmutations


You had 4 spell levels left.
You knew the following spells:

 Your Spells              Type           Power        Failure   Level  Hunger
a - Beastly Appendage     Tmut           ##....       6%          1    #......


Dungeon Overview and Level Annotations

Branches:
Dungeon (3/15)

Altars:


Innate Abilities, Weirdness & Mutations

You cannot wear most types of armour.
You are very stealthy in the water. (Stealth+)
You are amphibious.
You can wear up to eight rings at the same time.
You can use your tentacles to constrict eight enemies at once.
Your skin changes colour to match your surroundings (Stealth+).
Your rubbery body absorbs attacks. (AC +1, EV +1)


Message History

You are too injured to fight recklessly!
Your transformation is almost over.
The adder misses you.
The giant cockroach waves its antennae.
The adder barely misses you. The adder bites you.
There is a stone staircase leading down here.
The adder bites you.
* * * LOW HITPOINT WARNING * * *
You are lethally poisoned!
The adder poisons you! The adder barely misses you.
You climb downwards.
A rat comes into view.
* * * LOW HITPOINT WARNING * * *
You feel sick.
Found a stone staircase leading up.
There is a stone staircase leading up here.
Your tentacle spike disappears.
The adder barely misses you.
You die...

... #.#
#.# #.#
##.## ...
#.# #@#
#.#####
#SS...#
#...r....#
#.##.##..#
# ... ..#
##.. ..<
#.. .##.
.... . .


You could see 2 adders and a rat (sleeping).

Vanquished Creatures
  A leopard gecko (D:2)
  A bat (D:2)
  5 goblins (D:2)
  2 hobgoblins
  A frilled lizard (D:2)
  A kobold (D:1)
  A rat (D:2)
12 creatures vanquished.

Notes
Turn   | Place    | Note
-------+----------+-------------------------------------------
     0 | D:1      | miragecloak the Octopode Transmuter began the quest for the Orb.
     0 | D:1      | Reached XP level 1. HP: 13/13 MP: 3/3
    48 | D:1      | You fall through a shaft!
   123 | D:2      | Reached XP level 2. HP: 8/18 MP: 5/5
   598 | D:3      | Succumbed to an adder's poison

Vault maps used:
D:1:      dpeg_arrival_simpleton_a, minmay_tall_x
D:2:      eat_drink_and_be_merry_uskayaw
D:3:      first_bread, kennysheep_another_room

Skill      XL: |  1  2 |
---------------+-------+-----
Transmutations | 3 |  3.0
Fighting       | |  1.0
Dodging        | |  2.0
Unarmed Combat | |  3.0
Spellcasting   | |  2.0

Action                   || total
-------------------------++-------
Melee: Unarmed           ||    29
       Constrict         ||     8
       Kick              ||     4
       Tentacles         ||     3
       Punch             ||     3
 Cast: Beastly Appendage ||     9
 Stab: Sleeping          ||     2
Dodge: Dodged            ||    24
